 Dungeon Sprint DCSS version 0.31-a0-799-g6bc09d010c (webtiles) character file.

Game seed: 12332809784183591209

133 sircluck the Ruffian (level 4, 0/50 HPs)
             Began as a Troll Berserker on Sept 19, 2023.
             Was a Priest of Trog.
             Incinerated by a smoke demon (9 damage)
             ... with a sticky flame
             ... in the Dungeon (Sprint III: "The Ten Rune Challenge").
             The game lasted 00:00:24 (166 turns).

sircluck the Ruffian (Troll Berserker)               Turns: 166, Time: 00:00:25

Health: 0/50       AC:  4    Str: 27    XL:     4   Next: 93%
Magic:  3/3        EV: 11    Int:  3    God:    Trog [***...]
Gold:   0          SH:  0    Dex:  9    Spells: 3/3 levels left

rFire   . .          .
                       - Unarmed
rCold   . . .        (no shield)
rNeg    . . .        a - +0 animal skin
rPois   .            (helmet restricted)
rElec   .            (no cloak)
rCorr   .            (gloves unavailable)
SInv    .            (boots unavailable)
Will    .....        (no amulet)
Stlth   +            (no ring)
HPRegen 1.08/turn    (no ring)
MPRegen 0.08/turn

%: no teleportation
@: on fire, glowing
A: large, unfitting armour, claws 3, regeneration 1, shaggy fur 1, tough skin 1
a: Renounce Religion, Berserk, Trog's Hand


You were in the Dungeon.
You worshipped Trog.
Trog was most pleased with you.
You visited 1 branch

Inventory:

Armour
 a - a +0 animal skin (worn)
Scrolls
 g - a scroll of blinking
Potions
 c - a potion of heal wounds
 d - a potion of haste
 e - 2 potions of magic
 f - a potion of berserk rage


   Skills:
 + Level 5.3 Fighting
 + Level 5.3 Dodging
 + Level 6.3 Unarmed Combat


You had 3 spell levels left.
You didn't know any spells.
Your spell library was empty.

Dungeon Overview and Level Annotations

Branches:
Dungeon (1/1)

Altars:
Kikubaaqudgha
Sif Muna
Vehumet


Innate Abilities, Weirdness & Mutations

You are too large for most types of armour.
You have claws for hands.
Your natural rate of healing is unusually fast.
You are covered in fur. (AC +1)
You have tough skin. (AC +1)


Message History

The kobold demonologist barely misses you.
You are too injured to fight recklessly!
You are too injured to fight recklessly!
You are too injured to fight recklessly!
You are too injured to fight recklessly!
You are too injured to fight recklessly!
You are too injured to fight recklessly!
You are too injured to fight recklessly!
You are too injured to fight recklessly!
You are too injured to fight recklessly!
You miss the kobold demonologist. The chaos spawn barely misses you.
The kobold demonologist casts a spell.
You scratch the kobold demonologist.
The kobold demonologist is heavily wounded.
The chaos spawn barely misses you.
The kobold demonologist barely misses you.
You scratch the kobold demonologist.
The kobold demonologist is severely wounded.
The crimson imp hits you but does no damage.
The chaos spawn barely misses you.
The kobold demonologist mumbles some strange words.
You closely miss the kobold demonologist.
The kobold demonologist is severely wounded.
The crimson imp blinks! x2; The chaos spawn barely misses you.
The kobold demonologist barely misses you.
You scratch the kobold demonologist.
The kobold demonologist is severely wounded.
The smoke demon gestures at you. The sticky flame hits you.
You are covered in liquid flames!
The crimson imp hits you but does no damage.
The crimson imp blinks!
The chaos spawn hits you.
* * * LOW HITPOINT WARNING * * *
You are engulfed in flames!
* * * LOW HITPOINT WARNING * * *
The kobold demonologist hits you with a +0 dagger.
* * * LOW HITPOINT WARNING * * *
You feel better.
You are covered in liquid flames!
You die...

.#......## #..#
##.......# #..#
.##.##...# #..###+#+###
.##.###..# +#..#........
####.##..# #...'.⌠......
##..##.)####...#...#####
....##..###....#.⌠.#
#..##...##.....#35.#
..##....#......#@###
.###..##.#.....#K45# .#
#..#####....#5__# ▓▓
▓▓▓▓ ▓▓▓▓▓▓▓▓▓▓


You could see a kobold demonologist, a smoke demon (summoned), a chaos spawn
(summoned), an iron imp (summoned) and 2 crimson imps.

Vanquished Creatures
  A water elemental (D)
  Jessica (D)
  A wizard (D)
  A human (D)
  A phantom (D)
  3 rats (D)
8 creatures vanquished.

Notes
Turn   | Place    | Note
-------+----------+-------------------------------------------
     0 | D        | sircluck the Troll Berserker began the quest for the Orb.
     0 | D        | Reached XP level 1. HP: 22/22 MP: 0/0
    24 | D        | Reached ** piety under Trog
    26 | D        | Noticed Jessica
    30 | D        | Killed Jessica
    31 | D        | Reached skill level 4 in Unarmed Combat
    31 | D        | Reached XP level 2. HP: 24/32 MP: 1/1
    68 | D        | Reached XP level 3. HP: 21/39 MP: 2/2
    95 | D        | Reached *** piety under Trog
    96 | D        | Reached skill level 5 in Unarmed Combat
   102 | D        | Noticed a water elemental
   110 | D        | Killed a water elemental
   111 | D        | Reached skill level 5 in Fighting
   111 | D        | Reached skill level 5 in Dodging
   111 | D        | Reached skill level 6 in Unarmed Combat
   111 | D        | Reached XP level 4. HP: 49/50 MP: 3/3
   154 | D        | Found a radiant altar of Vehumet.
   154 | D        | Found a shimmering blue altar of Sif Muna.
   154 | D        | Found an ancient bone altar of Kikubaaqudgha.
   154 | D        | Noticed a wizard
   156 | D        | Killed a wizard
   158 | D        | Noticed a chaos spawn
   164 | D        | Noticed a smoke demon
   166 | D        | Incinerated by a smoke demon

Illustrated notes

Levels and vault maps discovered:
D:        dungeon_sprint_mu [sprint_mu_entry_cave, sprint_mu_temple_rooms,
          sprint_mu_d1_spiders, sprint_mu_d2_genie, sprint_mu_d3_branching,
          sprint_mu_orc_legion, sprint_mu_elf_gauntlet, sprint_mu_hive_nellie,
          sprint_mu_lair_fedhas, sprint_mu_vaults_butterflies,
          sprint_mu_slime_circle, sprint_mu_swamp_cave, sprint_mu_snake_twists,
          sprint_mu_blade_basic, sprint_mu_crypt_lich, sprint_mu_tomb_spiral,
          sprint_mu_vestibule_basic, sprint_mu_gehenna_hellfire,
          sprint_mu_dis_giant, sprint_mu_tartarus_statrot,
          sprint_mu_cocytus_islands, sprint_mu_zot1]

Skill      XL: |  1  2  3 |
---------------+----------+-----
Fighting       | 3 4 5 |  5.3
Dodging        | 3 4 5 |  5.3
Unarmed Combat | 4 6 |  6.3

Action                     |  1- 3 |  4- 6 || total
---------------------------+-------+-------++-------
  Melee: Unarmed           |    22 |    10 ||    32
 Invoke: Berserk           |     1 |       ||     1
    Use: Potion            |       |     1 ||     1
 Armour: Animal skin       |    12 |     8 ||    20
  Dodge: Dodged            |     4 |     8 ||    12

Table legend: (Time is in decaauts)
 A = Elapsed time spent in this place.
 B = Non-inter-level travel time spent in this place.
 C = Inter-level travel time spent in this place.
 D = Time resting spent in this place.
 E = Time spent auto-exploring this place.
 F = Levels seen in this place.
 G = Mean time per level.
                   A        B        C        D        E       F      G
               +--------+--------+--------+--------+--------+-----+--------+
         Total |    172 |    172 |      0 |     48 |     58 |   1 |  172.0 |
       Dungeon |    172 |    172 |      0 |     48 |     58 |   1 |  172.0 |
               +--------+--------+--------+--------+--------+-----+--------+

Top non-repeatable levels by time:
       D: 172 daAuts
